 Dungeon Crawl Stone Soup version 0.25-a0-558-g78a2afb0af (webtiles) character file.

Game seed: 2780952507124606304, levelgen mode: deterministic

8804 Eurus the Thaumaturge (level 11, 0/86 HPs)
             Began as a Mummy Conjurer on Feb 25, 2020.
             Was a Believer of Ashenzari.
             Slain by a salamander
             ... wielding a +0 trident
              (4 damage)
             ... on level 1 of the Lair of Beasts.
             The game lasted 00:33:23 (16211 turns).

Eurus the Thaumaturge (Mummy Conjurer)             Turns: 16211, Time: 00:33:24

Health: 0/86       AC:  6    Str: 12    XL:     11   Next: 14%
Magic:  10/24      EV: 11    Int: 17    God:    Ashenzari [**....]
Gold:   616        SH:  0    Dex: 13    Spells: 20/29 levels left

rFire    + + .     SeeInvis .   c - +8 quarterstaff "Noegifai" {venom, rF+++} (curse)
rCold    + . .     Gourm    .   (shield currently unavailable)
rNeg     + + +     Faith    .   s - +0 leather armour
rPois    ∞         Spirit   .   l - +0 hat
rElec    .         Reflect  .   k - +0 cloak
rCorr    .         Harm     .   g - +0 pair of gloves
MR       +....                  (no boots)
Stlth    ++........             (no amulet)
HPRegen  0.24/turn              (no ring)
MPRegen  0.19/turn              (no ring)

@: no status effects
A: no food or potions, fire vulnerability, cold resistance 1, negative energy
resistance 3, torment resistance, unbreathing
a: Curse Item, Scrying, Renounce Religion


You were on level 1 of the Lair of Beasts.
You worshipped Ashenzari.
Ashenzari was pleased with you.
You were not hungry.

You visited 3 branches of the dungeon, and saw 11 of its levels.
You also visited: Ossuary.

You collected 616 gold pieces.

Inventory:

Hand Weapons
 c - the cursed +8 quarterstaff "Noegifai" (weapon) {venom, rF+++}
   (You found it on level 7 of the Dungeon)

   It poisons the flesh of those it strikes.
   It renders you almost immune to fire.
   It has a curse placed upon it.
Armour
 g - a +0 pair of gloves (worn)
 k - a +0 cloak (worn)
 l - a +0 hat (worn)
 s - a +0 leather armour (worn)
Jewellery
 h - an uncursed ring of ice
 u - an uncursed ring of protection from fire
Wands
 f - a wand of scattershot (3)
 o - a wand of iceblast (5)
 r - a wand of disintegration (14)
 w - a wand of paralysis (5)
Scrolls
 a - a scroll of fog
 b - 4 scrolls of teleportation
 d - 5 scrolls of identify
 e - 6 scrolls of remove curse
 i - 3 scrolls of amnesia
 j - a scroll of immolation
 m - a scroll of enchant weapon
 n - a scroll of magic mapping
 p - a scroll of fear
 q - 2 scrolls of noise
 t - a scroll of enchant armour
 v - a scroll of blinking
 x - a scroll of torment


   Skills:
 + Level 7.8 Fighting
 + Level 5.9 Armour
 - Level 1.5 Dodging
 - Level 1.5 Stealth
 + Level 9.9 Spellcasting
 + Level 8.0 Conjurations
 + Level 6.0 Translocations


You had 20 spell levels left.
You knew the following spells:

 Your Spells              Type           Power        Failure   Level  Hunger
a - Magic Dart            Conj           ####         1%          1    N/A
b - Searing Ray           Conj           #####.       1%          2    N/A
c - Iskenderun's Mystic   Conj/Tloc      ####....     6%          4    N/A
d - Blink                 Tloc           N/A          1%          2    N/A

Your spell library contained the following spells:

 Spells                   Type           Power        Failure   Level  Hunger
 Apportation              Tloc           ####..       1%          1    N/A
 Conjure Flame            Conj/Fire      ###.....     6%          3    N/A
 Dazzling Flash           Conj/Hex       ###...       6%          3    N/A
 Animate Skeleton         Necr           N/A          11%         1    N/A
 Corona                   Hex            #......      11%         1    N/A
 Summon Small Mammal      Summ           #...         11%         1    N/A
 Mephitic Cloud           Conj/Pois/Air  ###.....     11%         3    N/A
 Call Imp                 Summ           #.......     17%         2    N/A
 Slow                     Hex            #.......     17%         2    N/A
 Sticks to Snakes         Tmut           #.......     17%         2    N/A
 Fulminant Prism          Conj/Hex       ###.......   21%         4    N/A
 Call Canine Familiar     Summ           #.......     32%         3    N/A
 Summon Guardian Golem    Hex/Summ       #.......     32%         3    N/A
 Summon Ice Beast         Ice/Summ       #.......     73%         4    N/A
 Summon Lightning Spire   Summ/Air       #.......     73%         4    N/A
 Beastly Appendage        Tmut           Unusable     N/A         1    N/A
 Spider Form              Tmut/Pois      Unusable     N/A         3    N/A
 Ice Form                 Ice/Tmut       Unusable     N/A         4    N/A
 Blade Hands              Tmut           Unusable     N/A         5    N/A

Dungeon Overview and Level Annotations

Branches:
Dungeon (9/15)             Temple (1/1) D:7            Lair (1/6) D:9
Ossuary (visited)
    Orc: D:9-12

Altars:
Ashenzari
Cheibriados
Dithmenos
Elyvilon
Fedhas
Gozag
Hepliaklqana
Kikubaaqudgha
Makhleb
Nemelex Xobeh
Okawaru
Qazlal
Ru
Sif Muna
Trog
Uskayaw
Vehumet
Wu Jian
Xom
Yredelemnul
Zin
The Shining One

Shops:
D:6 }

Annotations:
D:3 Grinder


Innate Abilities, Weirdness & Mutations

You do not eat or drink.
Your flesh is vulnerable to fire.
You are immune to poison.
Your flesh is cold resistant. (rC+)
You are immune to negative energy. (rN+++)
You are immune to unholy pain and torment.
You can survive without breathing.


Message History

Casting: Searing Ray (safe; 1% risk of failure)
Confirm with . or Enter, or press ? or * to list all spells.
Aiming: Searing Ray (safe; 1% risk of failure)
Press: ? - help, Shift-Dir - straight line, f/p - salamander
Aim: a salamander, wielding a +0 trident (severely wounded)
The searing ray hits the salamander!
The salamander is almost dead. (Press . to maintain the ray.)
The salamander barely misses you.
The searing ray hits the salamander.
The salamander is almost dead.
The salamander hits you from afar with a +0 trident!
* * * LOW HITPOINT WARNING * * *
You are engulfed in flames.
You resist.
* * * LOW HITPOINT WARNING * * *
The searing ray misses the salamander.
The salamander hits you from afar with a +0 trident!
* * * LOW HITPOINT WARNING * * *
You are engulfed in flames.
You resist.
You die...

≈### §≈..##
§≈....## ≈§§....###
.§.......#####
.............######
.......#####..N.@.#
......## ######.##
...### #..# ##*
##.# ####.# #....#
### #.#### ##P#
####.# ####...
#....#
#########......


You could see a salamander.

Vanquished Creatures
  2 two-headed ogres (D:8)
  Pikel (D:6)
  A black mamba (Lair:1)
  A rime drake (Lair:1)
  2 trolls (D:9)
  3 blink frogs (Lair:1)
  A hippogriff (D:8)
  A spriggan (D:7)
  A water moccasin (Lair:1)
  2 sky beasts
  2 black bears (D:8)
  6 ogres
  3 orc warriors
  3 ice beasts
  2 necrophages
  A crocodile (Lair:1)
  6 centaurs
  4 big kobolds
  An elf zombie (Ossuary)
  A gnoll sergeant (D:9)
  7 bullfrogs
  2 wyvern zombies (D:8)
  2 scorpions
  3 wights (D:9)
  A lava snake (Lair:1)
  A centaur zombie (Ossuary)
  4 crimson imps
  5 orc priests
  4 bullfrog skeletons
  2 jellies
  4 hounds
  4 human zombies (Ossuary)
  5 iguanas
  15 orc wizards
  5 worker ants
  A big kobold zombie (Ossuary)
  A hound zombie (Ossuary)
  3 mummies (Ossuary)
  4 gnolls (D:5)
  10 adders
  A shadow imp (D:8)
  2 adder zombies
  2 worms (D:2)
  4 dart slugs
  7 leopard geckos
  27 orcs
  5 bats
  5 giant cockroaches
  4 goblins
  7 hobgoblins
  14 jackals
  16 kobolds
  7 quokkas
  A ball python (D:2)
  7 frilled lizards
  2 goblin zombies (Ossuary)
  7 hobgoblin zombies (Ossuary)
  A jackal zombie (Ossuary)
  2 kobold zombies (Ossuary)
  4 leopard gecko zombies (D:5)
  2 orc zombies (Ossuary)
  6 quokka zombies
  3 rats
  6 rat zombies (Ossuary)
269 creatures vanquished.

Vanquished Creatures (others)
  4 plants (D:5)
4 creatures vanquished.

Grand Total: 273 creatures vanquished

Notes
Turn   | Place    | Note
-------+----------+-------------------------------------------
     0 | D:1      | Eurus the Mummy Conjurer began the quest for the Orb.
     0 | D:1      | Reached XP level 1. HP: 13/13 MP: 4/4
   429 | D:1      | Reached skill level 3 in Spellcasting
   429 | D:1      | Reached XP level 2. HP: 14/20 MP: 4/6
   435 | D:1      | Learned a level 2 spell: Searing Ray
   846 | D:1      | Reached skill level 1 in Fighting
  1429 | D:2      | Reached XP level 3. HP: 26/26 MP: 3/7
  2329 | D:2      | Found a stormy altar of Qazlal.
  2813 | D:3      | Reached XP level 4. HP: 33/33 MP: 4/9
  3473 | D:3      | Reached XP level 5. HP: 38/38 MP: 7/10
  3668 | D:3      | Noticed Grinder
  3791 | D:4      | Reached skill level 4 in Spellcasting
  3824 | D:4      | Found a sand-covered staircase.
  3828 | Ossuary  | Entered an ossuary
  4517 | Ossuary  | Reached XP level 6. HP: 45/46 MP: 4/12
  4715 | Ossuary  | Reached skill level 5 in Conjurations
  5156 | Ossuary  | Learned a level 4 spell: Iskenderun's Mystic Blast
  5794 | D:4      | Reached skill level 5 in Spellcasting
  5794 | D:4      | Reached skill level 1 in Translocations
  5880 | D:4      | Reached skill level 1 in Armour
  5904 | D:4      | Reached XP level 7. HP: 52/52 MP: 10/14
  6182 | D:4      | Found a sacrificial altar of Ru.
  6719 | D:5      | Entered Level 5 of the Dungeon
  7267 | D:5      | Identified the +8 trident of Ohihimio {protect, rC++ Str+8
                  | Int-2 Dex-3}
  7317 | D:5      | Reached XP level 8. HP: 59/60 MP: 2/16
  7502 | D:5      | Reached skill level 6 in Spellcasting
  8666 | D:6      | Found Luefemec's Gadget Shop.
  8700 | D:6      | Found a shimmering altar of Xom.
  8847 | D:6      | Reached skill level 5 in Fighting
  9331 | D:7      | Reached skill level 7 in Spellcasting
  9439 | D:7      | Reached XP level 9. HP: 65/68 MP: 13/19
  9523 | D:7      | Found a staircase to the Ecumenical Temple.
  9538 | Temple   | Entered the Ecumenical Temple
  9737 | Temple   | Became a worshipper of Ashenzari the Shackled
  9904 | D:7      | Got the quarterstaff "Noegifai" {venom, rF+++}
  9905 | D:7      | Identified the +8 quarterstaff "Noegifai" {venom, rF+++}
                  | (You found it on level 7 of the Dungeon)
  9988 | D:7      | Noticed Pikel
 10068 | D:6      | Killed Pikel
 10426 | D:7      | Identified the +6 mace of the Pill Bug {freeze, rC+}
 11181 | D:7      | Reached skill level 8 in Spellcasting
 11801 | D:8      | Reached * piety under Ashenzari
 12100 | D:8      | Noticed a two-headed ogre
 12408 | D:8      | Reached XP level 10. HP: 69/77 MP: 14/22
 12549 | D:8      | Noticed a two-headed ogre
 12578 | D:8      | Killed a two-headed ogre
 12988 | D:8      | Reached skill level 5 in Translocations
 13144 | D:8      | Reached skill level 5 in Armour
 13313 | D:8      | Killed a two-headed ogre
 13313 | D:8      | Reached skill level 9 in Spellcasting
 13946 | D:9      | Found a staircase to the Lair.
 14663 | D:9      | Learned a level 2 spell: Blink
 15106 | Lair:1   | Entered Level 1 of the Lair of Beasts
 15106 | Lair:1   | Noticed a black mamba
 15114 | Lair:1   | Killed a black mamba
 15114 | Lair:1   | Reached XP level 11. HP: 34/84 MP: 15/24
 15965 | Lair:1   | Reached ** piety under Ashenzari
 16103 | Lair:1   | Identified the +1 dagger "Qiavom" {vorpal, rN++ Str+3}
 16211 | Lair:1   | HP: 4/86 [salamander/+0 trident (13)]
 16211 | Lair:1   | Slain by a salamander

Levels and vault maps discovered:
D:1:      moated_graveyard_arrival, layout_basic
D:2:      layout_loops_ring, chequers_serial_rivers_large_a, st_stairs_13,
          nicolae_qazlal_eye_of_the_storm
D:3:      layout_rooms, first_ration, uniq_grinder
D:4:      layout_basic, nicolae_ru_great_annihilating_truth,
          nicolae_ossuary_entry_false_entrances
D:5:      layout_rooms, minmay_lizard_king
D:6:      layout_cave_pools, serial_shops, shop, basic_altar
D:7:      layout_layer_cave, minmay_temple_entry_butterflies, the_bakery,
          uniq_pikel
D:8:      layout_basic
D:9:      layout_roguey, dpeg_oklobed_lair, minmay_alternating_orb
Temple:   minmay_crystal_snake_temple
Lair:1:   dragon1_lemuel, layout_misc_corridors

Skill      XL: |  1  2  3  4  5  6  7  8  9 10 11 |
---------------+----------------------------------+-----
Spellcasting   | 3 4 5 7 8 9 |  9.9
Fighting       | 1 2 3 4 5 6 7 |  7.8
Conjurations   | 4 5 6 7 8 |  8.0
Translocations | 1 2 3 4 5 6 |  6.0
Armour         | 1 2 3 4 5 |  5.9
Dodging        | |  1.5
Stealth        | |  1.5

Action                   |  1- 3 |  4- 6 |  7- 9 | 10-12 || total
-------------------------+-------+-------+-------+-------++-------
Melee: Club              |    66 |    66 |       |       ||   132
       Unarmed           |     2 |       |       |       ||     2
       Whip              |       |    63 |       |       ||    63
       Trident           |       |       |    51 |       ||    51
       Quarterstaff      |       |       |    41 |    46 ||    87
 Cast: Magic Dart        |    43 |   135 |    46 |    53 ||   277
       Searing Ray       |     5 |    19 |    60 |    46 ||   130
Invok: Curse Item        |       |       |     1 |       ||     1
  Use: Scroll            |       |     2 |     5 |     6 ||    13
 Stab: Sleeping          |     1 |     1 |     1 |       ||     3
Armor: Robe              |    12 |    38 |    30 |     6 ||    86
       Leather armour    |       |       |       |    22 ||    22
Dodge: Dodged            |    62 |   122 |    94 |    69 ||   347

Table legend:
 A = Non-vault XP
 B = Vault XP
 C = Vault XP percentage of total XP
 D = Non-vault monster count
 E = Vault monster count
 F = Vault count percentage of total count
                 A         B        C        D         E       F
            +---------+---------+-------+---------+---------+-------
      Total |    9852 |    2726 |  21.7 |     207 |      62 |  23.0
            +---------+---------+-------+---------+---------+-------
        D:1 |      35 |       0 |   0.0 |      18 |       0 |   0.0
        D:2 |      53 |       4 |   7.0 |      15 |       1 |   6.2
        D:3 |     114 |       0 |   0.0 |      25 |       0 |   0.0
        D:4 |     134 |      39 |  22.5 |       7 |       4 |  36.4
        D:5 |    1442 |      47 |   3.2 |      36 |       7 |  16.3
        D:6 |     288 |     663 |  69.7 |      13 |       1 |   7.1
        D:7 |    1230 |     215 |  14.9 |      21 |       1 |   4.5
        D:8 |    3291 |     133 |   3.9 |      44 |       1 |   2.2
        D:9 |    1235 |    1191 |  49.1 |      19 |      11 |  36.7
     Lair:1 |    2030 |       0 |   0.0 |       9 |       0 |   0.0
    Ossuary |       0 |     434 | 100.0 |       0 |      36 | 100.0
            +---------+---------+-------+---------+---------+-------
